 Dungeon Crawl Stone Soup version 0.30-a0-651-g0755cc6dcf (webtiles) character file.

Game seed: 3106502266992907949

4970 Citaku the Cleaver (level 10, -2/88 HPs)
             Began as a Minotaur Fighter on Jan 17, 2023.
             Slain by a two-headed ogre
             ... wielding a +0 giant club
              (13 damage)
             ... on level 7 of the Dungeon.
             The game lasted 00:11:58 (8099 turns).

Citaku the Cleaver (Minotaur Fighter)               Turns: 8099, Time: 00:11:59

Health: -2/88      AC: 13    Str: 25    XL:     10   Next: 28%
Magic:  9/9        EV:  9    Int:  5    God:
Gold:   249        SH:  5    Dex: 10    Spells: 9/9 levels left

rFire   . . .      SeeInvis .    a - +1 war axe
rCold   . . .      Faith    .    c - +0 buckler
rNeg    . . .      Spirit   .    b - +0 scale mail
rPois   .          Reflect  .    l - +0 hat {Stlth+}
rElec   .          Harm     .    F - +0 cloak
rCorr   .          Rampage  .    y - +1 pair of gloves
Will    .....                    (no boots)
Stlth   +                        (no amulet)
HPRegen 0.34/turn                w - ring of flight
MPRegen 0.11/turn                (no ring)

@: flying, slowed, studying Axes, very slow
A: horns 2, retaliatory headbutt
a: no special abilities


You were on level 7 of the Dungeon.
You visited 2 branches of the dungeon, and saw 9 of its levels.
You also visited: Sewer.

You collected 360 gold pieces.
You spent 111 gold pieces at shops.

Inventory:

Hand Weapons
 a - a +1 war axe (weapon)
Missiles
 m - a javelin (quivered)
Armour
 b - a +0 scale mail (worn)
 c - a +0 buckler (worn)
 l - a +0 hat of stealth (worn)
 y - a +1 pair of gloves (worn)
 F - a +0 cloak (worn)
Jewellery
 w - a ring of flight (left hand)
Wands
 d - a wand of iceblast (12)
 j - a wand of flame (4)
Scrolls
 f - 3 scrolls of fear
 k - a scroll of enchant weapon
 o - 2 scrolls of noise
 q - 3 scrolls of enchant armour
Potions
 e - a potion of degeneration
 h - 2 potions of ambrosia
 p - a potion of cancellation {unknown}
 r - 2 potions of resistance
 u - a potion of lignification {unknown}
 x - a potion of attraction {unknown}
 z - 2 potions of mutation {unknown}
 A - 2 potions of curing
 D - 2 potions of flight
 E - 2 potions of berserk rage {unknown}


   Skills:
 + Level 8.2 Fighting
 * Level 12.4 Axes
 * Level 11.1 Armour
 + Level 8.3 Shields


You had 9 spell levels left.
You didn't know any spells.
Your spell library contained the following spells:

 Spells                   Type           Power      Damage    Failure   Level
 Freeze                   Ice            0%         1d3       78%         1
 Magic Dart               Conj           0%         1d3       78%         1
 Sandblast                Erth           0%         2d4       78%         1
 Ensorcelled Hibernation  Hex/Ice        0%         N/A       89%         2
 Passwall                 Tmut/Erth      0%         N/A       89%         2
 Searing Ray              Conj           0%         2d4       89%         2
 Frozen Ramparts          Ice            0%         1d1       98%         3
 Hailstorm                Conj/Ice       0%         3d3       98%         3
 Inner Flame              Hex/Fire       0%         N/A       98%         3
 Spider Form              Tmut/Pois      0%         N/A       98%         3
 Stone Arrow              Conj/Erth      0%         3d7       98%         3
 Anguish                  Hex/Necr       0%         N/A       100%        4
 Cause Fear               Hex            0%         N/A       100%        4
 Fulminant Prism          Conj/Hex       0%         3d5       100%        4
 Discord                  Hex            0%         N/A       100%        8


Dungeon Overview and Level Annotations

Branches:
Dungeon (8/15)             Temple (1/1) D:5           Sewer (visited)
   Lair: D:8-11

Altars:
Ashenzari
Cheibriados
Fedhas
Hepliaklqana
Nemelex Xobeh
Okawaru
Qazlal
Sif Muna
Trog
Vehumet
Wu Jian
Xom
Zin
The Shining One

Shops:
D:5 *

Annotations:
D:7 Erica


Innate Abilities, Weirdness & Mutations

You have a pair of horns on your head.
You reflexively headbutt those who attack you in melee.


Message History

* * * LOW HITPOINT WARNING * * *
Erica hits you with a +2 scimitar of flaming.
* * * LOW HITPOINT WARNING * * *
Erica burns you.
* * * LOW HITPOINT WARNING * * *
The killer bee closely misses you. You furiously retaliate!
You headbutt the killer bee, but do no damage.
You fly upwards.
There is a stone staircase leading down here.
As you read the scroll of fear, it crumbles to dust.
You assume a fearsome visage.
The killer bee looks frightened!
The two-headed ogre looks frightened!
Erica looks frightened!
Erica gestures wildly while chanting.
Erica flickers and vanishes!
Deactivating autopickup; reactivate with Ctrl-A.
As you read the scroll of teleportation, it crumbles to dust.
You feel strangely unstable.
You feel better.
You feel better.
You feel better.
Your surroundings suddenly seem different.
You start resting.
A two-headed ogre is nearby!
Okay, then.
You feel better.
You slash the two-headed ogre! You headbutt the two-headed ogre!
The two-headed ogre is heavily wounded.
You block the two-headed ogre's attack.
The two-headed ogre hits you with a +0 giant spiked club!
You hit the two-headed ogre.
The two-headed ogre is severely wounded.
The two-headed ogre misses you.
The two-headed ogre hits you with a +0 giant spiked club!!
* * * LOW HITPOINT WARNING * * *
You barely miss the two-headed ogre.
Your headbutt misses the two-headed ogre.
The two-headed ogre is severely wounded.
You block the two-headed ogre's attack.
The two-headed ogre hits you with a +0 giant spiked club!
You die...

......#†##### ##.###.## #.#
.#....>[....# #....## #.#
##..#######.# #.#### #.# ##..#
#.# #.# #.# ##..#######.#####
#.# #.# ##..............# #.#
#.# .#......####.##.# #.# #.#
......[......##O###.# #.#
.#..<...###..#..@##.# #.#
##......# #.........# #.#
.......#####.#...#### #.#
###..#.....#>##.## ###.##
#....###.#.##.# #..... #...##
#.#.##.# #####..... #...#
##.#.##.#### #...#..###
#...###....##.##≈# ###......# #
#.............##≈###≈≈...##.###


You could see a two-headed ogre.

Vanquished Creatures
  Gastronok (D:8)
  Pikel (D:8)
  An ice beast (D:6)
  2 sky beasts
  2 ogres
  A lemure (D:8)
  3 phantoms
  3 kobold brigands
  Blork the orc (D:6)
  2 bullfrogs (D:7)
  2 necrophages (D:5)
  2 scorpions
  8 wights
  8 killer bees
  A howler monkey (D:5)
  8 hounds
  3 jellies
  Crazy Yiuf (D:4)
  3 orc priests
  5 iguanas
  3 gnoll boudas
  Terence (D:1)
  5 orc wizards
  Robin (D:3)
  27 gnolls
  6 adders
  4 river rats (Sewer)
  2 white imps (D:5)
  2 ufetubi
  4 worms
  A dart slug (D:4)
  28 orcs
  7 endoplasms
  3 giant cockroaches
  24 goblins
  10 hobgoblins
  6 jackals
  17 kobolds
  3 quokkas
  5 ball pythons
  4 bats
  3 frilled lizards
  6 rats
230 creatures vanquished.

Vanquished Creatures (others)
  3 fungi (D:5)
3 creatures vanquished.

Grand Total: 233 creatures vanquished

Notes
Turn   | Place    | Note
-------+----------+-------------------------------------------
     0 | D:1      | Citaku the Minotaur Fighter began the quest for the Orb.
     0 | D:1      | Reached XP level 1. HP: 19/19 MP: 0/0
   196 | D:1      | Reached XP level 2. HP: 27/27 MP: 1/1
   382 | D:1      | Reached skill level 3 in Axes
   485 | D:1      | Found a faded altar of an unknown god.
   648 | D:1      | Reached XP level 3. HP: 33/33 MP: 2/2
   731 | D:2      | Noticed Terence
   739 | D:1      | Killed Terence
   842 | D:2      | Reached XP level 4. HP: 37/40 MP: 3/3
   988 | D:2      | Reached skill level 4 in Axes
  1112 | D:2      | Reached skill level 5 in Armour
  1112 | D:2      | Reached XP level 5. HP: 44/47 MP: 4/4
  1505 | D:3      | Noticed Robin
  1540 | D:3      | Killed Robin
  2131 | D:4      | Reached XP level 6. HP: 12/53 MP: 5/5
  2328 | D:4      | Reached skill level 5 in Axes
  2374 | D:4      | Reached skill level 5 in Fighting
  2640 | D:4      | Found a runed translucent door.
  2641 | D:4      | Noticed Crazy Yiuf
  2701 | D:4      | Killed Crazy Yiuf
  2953 | D:4      | Reached skill level 5 in Shields
  3096 | D:4      | Identified the +0 chain mail of Diggigiq {Harm rC+ Will-}
  3379 | D:4      | Reached XP level 7. HP: 61/61 MP: 6/6
  3485 | D:5      | Entered Level 5 of the Dungeon
  3527 | D:5      | Found a radiant altar of Vehumet.
  3672 | D:5      | Reached skill level 6 in Axes
  3921 | D:5      | Found Pokliofe's Assorted Antiques.
  3929 | D:5      | Bought a dark potion for 21 gold pieces
  3929 | D:5      | Bought a sedimented yellow potion for 21 gold pieces
  3929 | D:5      | Bought a fuming grey potion for 21 gold pieces
  3929 | D:5      | Bought a scroll labelled IKUWEOTTEWY for 24 gold pieces
  3929 | D:5      | Bought a scroll labelled NIOTHO ECLOS for 24 gold pieces
  3986 | D:5      | Found a staircase to the Ecumenical Temple.
  4029 | Temple   | Entered the Ecumenical Temple
  4475 | D:5      | Reached XP level 8. HP: 51/70 MP: 7/7
  4494 | D:5      | Reached skill level 7 in Axes
  5093 | D:6      | Noticed Blork the orc
  5117 | D:6      | Killed Blork the orc
  5301 | D:6      | Identified the +1 leather armour of the Solstice {MP+9}
  5313 | D:6      | Found a glowing drain.
  5320 | D:6      | Reached skill level 8 in Axes
  5367 | Sewer    | Entered a sewer
  5742 | Sewer    | Found a white marble altar of Elyvilon.
  5987 | D:6      | Reached XP level 9. HP: 25/76 MP: 8/8
  6047 | D:6      | HP: 1/77 [ogre/+0 giant club (23)]
  6637 | D:6      | Reached skill level 9 in Axes
  6850 | D:6      | Identified a scroll of acquirement
  6850 | D:6      | Acquired a manual of Axes
  7362 | D:7      | Reached skill level 10 in Axes
  7512 | D:7      | Reached skill level 10 in Armour
  7664 | D:7      | Found a blossoming altar of Fedhas.
  7854 | D:8      | Noticed Gastronok
  7883 | D:8      | Killed Gastronok
  7884 | D:8      | Reached skill level 11 in Axes
  7884 | D:8      | Reached XP level 10. HP: 88/88 MP: 9/9
  7949 | D:8      | Noticed Pikel
  7955 | D:8      | Noticed a two-headed ogre
  7960 | D:8      | Noticed Erica
  7973 | D:8      | Killed Pikel
  7974 | D:8      | Reached skill level 12 in Axes
  8099 | D:7      | Slain by a two-headed ogre

Illustrated notes

Levels and vault maps discovered:
D:1:      evilmike_arrival_rings, layout_loops_ring,
          shapermc_ecumenical_altar_notcrosses
D:2:      layout_basic, uniq_terence
D:3:      layout_basic, skrybe_limestone_x, st_stairs_4, uniq_robin
D:4:      layout_loops_corners, kennysheep_generic_room_5,
          uniq_crazy_yiuf_cottage
D:5:      layout_basic, nicolae_vehumet_radiance, temple_hall, serial_shops,
          shop, minmay_crystal_room, minmay_misc_feat_iff, corexii_checkpoint_a,
          minmay_misc_feat_enclosed, dreamdust_gnoll_farm
D:6:      layout_basic, portal_sewer_entry_d, uniq_blork_the_orc
D:7:      layout_loops_ring, fedhas_altar_1, chequers_serial_rivers_small_b
D:8:      layout_cave_pools, lightli_temple_of_fire,
          nicolae_overflow_hallway_of_the_gods, uniq_erica, uniq_pikel,
          uniq_gastronok
Temple:   hellmonk_temple_forest_ring

Skill      XL: |  1  2  3  4  5  6  7  8  9 10 |
---------------+-------------------------------+-----
Armour         | 4 5 6 7 8 10 11 | 11.1
Axes           | 3 4 5 6 8 11 12 | 12.4
Fighting       | 4 5 6 7 8 |  8.2
Shields        | 4 5 6 8 |  8.3

Action                   |  1- 3 |  4- 6 |  7- 9 | 10-12 || total
-------------------------+-------+-------+-------+-------++-------
Melee: War axe           |    59 |   171 |   282 |    41 ||   553
       Headbutt          |     7 |    26 |    42 |    10 ||    85
Throw: Javelin           |     2 |       |       |       ||     2
  Use: Potion            |     1 |       |     4 |     7 ||    12
       Scroll            |       |       |    13 |     2 ||    15
Armor: Scale mail        |    21 |    89 |   109 |    49 ||   268
Dodge: Dodged            |    24 |    94 |   103 |    55 ||   276
Block: Buckler           |    11 |    42 |    55 |    25 ||   133

Table legend: (Time is in decaauts)
 A = Elapsed time spent in this place.
 B = Non-inter-level travel time spent in this place.
 C = Inter-level travel time spent in this place.
 D = Time resting spent in this place.
 E = Time spent auto-exploring this place.
 F = Levels seen in this place.
 G = Mean time per level.
                   A        B        C        D        E       F      G
               +--------+--------+--------+--------+--------+-----+--------+
         Total |   8228 |   7881 |    347 |   1217 |   5282 |  10 |  822.8 |
       Dungeon |   7648 |   7316 |    332 |   1022 |   4989 |   8 |  956.0 |
        Temple |    152 |    138 |     14 |      0 |    129 |   1 |  152.0 |
         Sewer |    426 |    426 |      0 |    195 |    164 |   1 |  426.0 |
               +--------+--------+--------+--------+--------+-----+--------+

Top non-repeatable levels by time:
     D:6: 1612 daAuts
     D:4: 1529 daAuts
     D:5: 1340 daAuts
     D:7: 856 daAuts
     D:1: 814 daAuts
     D:3: 696 daAuts
     D:2: 637 daAuts
   Sewer: 426 daAuts
     D:8: 162 daAuts
  Temple: 152 daAuts
